EL
COLUMBIA FIREFLIES @ PENSACOLA BLUE WAHOOS
08/15/2048
 
TOP OF THE 1ST
Columbia Fireflies batting - Pitching for Pensacola Blue Wahoos : RHP Tim Bant
Pitching: RHP Tim Bant
Batting: RHB Omar Novoa 0-0: Called Strike
0-1: Ball
1-1: SINGLE (Line Drive, 34, EV 108.1 MPH)
Batting: SHB Masatoshi Akahoshi 0-0: Called Strike
0-1: Fly out, F8 (Flyball, 8RM, EV 88.1 MPH)
Batting: SHB Justin Wallace 0-0: Called Strike
0-1: Fielders Choice at 2nd, 3-6 (Groundball, 3, EV 81.2 MPH)
Batting: LHB Tony Leyba 0-0: Fly out, F7 (Flyball, 7LS, EV 87.5 MPH)
Top of the 1st over - 0 runs, 1 hit, 0 errors, 1 left on base; Columbia 0 - Pensacola 0
BOTTOM OF THE 1ST
Pensacola Blue Wahoos batting - Pitching for Columbia Fireflies : RHP Shan-tang Chi
Pitching: RHP Shan-tang Chi
Batting: RHB Sang-ton Pak 0-0: Ground out U3 (Groundball, 34, EV 88.1 MPH)
Batting: LHB Phil Lomax 0-0: Called Strike
0-1: Ball
1-1: Foul Ball, location: 2F
1-2: Ground out 4-3 (Groundball, 4, EV 83.8 MPH)
Batting: RHB Jordan Torres 0-0: Swinging Strike
0-1: Ball
1-1: Ground out 5-3 (Groundball, 5L, EV 100.6 MPH)
Bottom of the 1st over - 0 runs, 0 hits, 0 errors, 0 left on base; Columbia 0 - Pensacola 0
TOP OF THE 2ND
Columbia Fireflies batting - Pitching for Pensacola Blue Wahoos : RHP Tim Bant
Batting: RHB Masaya Nakamura 0-0: Ground out 6-3 (Groundball, 6, EV 107.5 MPH)
Batting: RHB Andy Carrell 0-0: Called Strike
0-1: Foul Ball, location: 2F
0-2: Foul Ball, location: 2F
0-2: Ball
1-2: Fly out, F8 (Flyball, 89M, EV 85.6 MPH)
Batting: RHB Larry Shoop 0-0: Swinging Strike
0-1: Ball
1-1: Called Strike
1-2: Ground out 4-3 (Groundball, 4, EV 86.9 MPH)
Top of the 2nd over - 0 runs, 0 hits, 0 errors, 0 left on base; Columbia 0 - Pensacola 0
BOTTOM OF THE 2ND
Pensacola Blue Wahoos batting - Pitching for Columbia Fireflies : RHP Shan-tang Chi
Batting: LHB Brian Snyder 0-0: Ball
1-0: Ball
2-0: Ground out 4-3 (Groundball, 4, EV 79.4 MPH)
Batting: RHB Dave Ruiz 0-0: Ball
1-0: Ball
2-0: Called Strike
2-1: Ground out 6-3 (Groundball, 6, EV 91.9 MPH)
Batting: RHB Steve Hansen 0-0: Foul Ball, location: 2F
0-1: Foul Ball, location: 2F
0-2: Ball
1-2: Ball
2-2: SINGLE (Groundball, 34D, EV 102.5 MPH)
Batting: RHB Pat Mage 0-0: Ball
1-0: Foul Ball, location: 2F
1-1: Fielders Choice at 2nd, 6-4 (Groundball, 6, EV 88.1 MPH)
Bottom of the 2nd over - 0 runs, 1 hit, 0 errors, 1 left on base; Columbia 0 - Pensacola 0
TOP OF THE 3RD
Columbia Fireflies batting - Pitching for Pensacola Blue Wahoos : RHP Tim Bant
Batting: RHB Dan Muse 0-0: Called Strike
0-1: Ball
1-1: SINGLE (Groundball, 3D, EV 94.4 MPH)
Batting: RHB David Reyna 0-0: Swinging Strike
0-1: Called Strike
Dan Muse steals 2nd base
0-2: Ball
Passed Ball!
Dan Muse to third
1-2: Strikes out swinging
Batting: RHB Omar Novoa 0-0: Ground out 6-3 (Groundball, 6, EV 87.5 MPH)
Dan Muse scores
Batting: SHB Masatoshi Akahoshi 0-0: Called Strike
0-1: Foul Ball, location: 2F
0-2: Ball
1-2: Foul Ball, location: 2F
1-2: SINGLE (Line Drive, 6D, EV 99.4 MPH)
Batting: SHB Justin Wallace 0-0: Ball
1-0: Foul Ball, location: 2F
1-1: Ball
2-1: Ball
3-1: Called Strike
3-2: Base on Balls
Masatoshi Akahoshi to second
Batting: LHB Tony Leyba 0-0: Ball
1-0: Fielders Choice at 2nd, 6-4 (Groundball, 6, EV 87.5 MPH)
Top of the 3rd over - 1 run, 2 hits, 0 errors, 2 left on base; Columbia 1 - Pensacola 0
BOTTOM OF THE 3RD
Pensacola Blue Wahoos batting - Pitching for Columbia Fireflies : RHP Shan-tang Chi
Batting: RHB Joe Kooyers 0-0: Swinging Strike
0-1: Swinging Strike
0-2: Strikes out swinging
Batting: RHB Matt Silva 0-0: Called Strike
0-1: Ball
1-1: Ball
2-1: Swinging Strike
2-2: Ground out 1-3 (Groundball, 13S, EV 66.2 MPH)
Batting: RHB Sang-ton Pak 0-0: Ball
1-0: Called Strike
1-1: Foul Ball, location: 2F
1-2: Strikes out swinging
Bottom of the 3rd over - 0 runs, 0 hits, 0 errors, 0 left on base; Columbia 1 - Pensacola 0
TOP OF THE 4TH
Columbia Fireflies batting - Pitching for Pensacola Blue Wahoos : RHP Tim Bant
Batting: RHB Masaya Nakamura 0-0: Ground out 3-1 (Groundball, 34, EV 92.5 MPH)
Batting: RHB Andy Carrell 0-0: Ball
1-0: Foul Ball, location: 2F
1-1: Ball
2-1: Called Strike
2-2: Foul Ball, location: 2F
2-2: Foul Ball, location: 2F
2-2: Ground out 6-3 (Groundball, 6, EV 101.9 MPH)
Batting: RHB Larry Shoop 0-0: Ball
1-0: Ground out 5-3 (Groundball, 5, EV 83.1 MPH)
Top of the 4th over - 0 runs, 0 hits, 0 errors, 0 left on base; Columbia 1 - Pensacola 0
BOTTOM OF THE 4TH
Pensacola Blue Wahoos batting - Pitching for Columbia Fireflies : RHP Shan-tang Chi
Batting: LHB Phil Lomax 0-0: Ground out 1-3 (Groundball, 15S, EV 65.6 MPH)
Batting: RHB Jordan Torres 0-0: Called Strike
0-1: Foul Ball, location: 2F
0-2: Ball
1-2: Fly out, F8 (Flyball, 78D, EV 86.2 MPH)
Batting: LHB Brian Snyder 0-0: Called Strike
0-1: Called Strike
0-2: Ball
1-2: Foul Ball, location: 2F
1-2: SINGLE (Groundball, 34D, EV 108.1 MPH)
Batting: RHB Dave Ruiz 0-0: Ball
1-0: Ball
2-0: Ball
3-0: Called Strike
3-1: Fly out, F4 (Line Drive, 4, EV 67.5 MPH)
Bottom of the 4th over - 0 runs, 1 hit, 0 errors, 1 left on base; Columbia 1 - Pensacola 0
TOP OF THE 5TH
Columbia Fireflies batting - Pitching for Pensacola Blue Wahoos : RHP Tim Bant
Batting: RHB Dan Muse 0-0: Called Strike
0-1: Foul Ball, location: 2F
0-2: Reached on error, E5 (Groundball, 5, EV 105.6 MPH)
Batting: RHB David Reyna 0-0: Fielders Choice at 2nd, 4-6 (Groundball, 4, EV 90.6 MPH)
Batting: RHB Omar Novoa 0-0: Ground out 5-3 (Groundball, 56S, EV 87.5 MPH)
David Reyna to second
Batting: SHB Masatoshi Akahoshi 0-0: Ball
1-0: Ground out 4-3 (Groundball, 4D, EV 82.5 MPH)
Top of the 5th over - 0 runs, 0 hits, 1 error, 1 left on base; Columbia 1 - Pensacola 0
BOTTOM OF THE 5TH
Pensacola Blue Wahoos batting - Pitching for Columbia Fireflies : RHP Shan-tang Chi
Batting: RHB Steve Hansen 0-0: Called Strike
0-1: Swinging Strike
0-2: SINGLE (Flyball, 8LS, EV 91.2 MPH)
Batting: RHB Pat Mage 0-0: Called Strike
0-1: Ball
1-1: Ball
2-1: Swinging Strike
2-2: Foul Ball, location: 2F
2-2: Fielders Choice at 2nd, 3-6 (Groundball, 3S, EV 90.0 MPH)
Batting: RHB Joe Kooyers 0-0: Swinging Strike
0-1: Ball
1-1: Fielders Choice at 2nd, 6-4 (Groundball, 6M, EV 103.8 MPH)
Batting: RHB Matt Silva 0-0: Ball
1-0: Ball
2-0: Ground out 5-3 (Groundball, 56S, EV 80.6 MPH)
Bottom of the 5th over - 0 runs, 1 hit, 0 errors, 1 left on base; Columbia 1 - Pensacola 0
TOP OF THE 6TH
Columbia Fireflies batting - Pitching for Pensacola Blue Wahoos : RHP Tim Bant
Batting: SHB Justin Wallace 0-0: Ball
1-0: Ball
2-0: Ball
3-0: Called Strike
3-1: Base on Balls
Batting: LHB Tony Leyba 0-0: Fly out, F8 (Flyball, 8LM, EV 86.9 MPH)
Batting: RHB Masaya Nakamura 0-0: Ball
1-0: Foul Ball, location: 2F
1-1: Ball
2-1: Grounds into double play, 6-4-3 (Groundball, 6, EV 99.4 MPH)
Top of the 6th over - 0 runs, 0 hits, 0 errors, 0 left on base; Columbia 1 - Pensacola 0
BOTTOM OF THE 6TH
Pensacola Blue Wahoos batting - Pitching for Columbia Fireflies : RHP Shan-tang Chi
Batting: RHB Sang-ton Pak 0-0: Foul Ball, location: 2F
0-1: Swinging Strike
0-2: Foul Ball, location: 2F
0-2: Strikes out swinging
Batting: LHB Phil Lomax 0-0: Ball
1-0: Ball
2-0: Foul Ball, location: 2F
2-1: Ball
3-1: Foul Ball, location: 2F
3-2: Fly out, F7 (Line Drive, 7, EV 92.5 MPH)
Batting: RHB Jordan Torres 0-0: Called Strike
0-1: DOUBLE (Line Drive, 89D, EV 108.8 MPH)
Batting: LHB Brian Snyder 0-0: Ball
1-0: Foul Ball, location: 2F
1-1: DOUBLE (Line Drive, 3D, EV 103.8 MPH)
Jordan Torres scores
Batting: RHB Dave Ruiz 0-0: Ball
1-0: Called Strike
1-1: Fly out, F8 (Flyball, 8RM, EV 92.5 MPH)
Bottom of the 6th over - 1 run, 2 hits, 0 errors, 1 left on base; Columbia 1 - Pensacola 1
TOP OF THE 7TH
Columbia Fireflies batting - Pitching for Pensacola Blue Wahoos : RHP Tim Bant
Batting: RHB Andy Carrell 0-0: Ground out 5-3 (Groundball, 5, EV 100.0 MPH)
Batting: RHB Larry Shoop 0-0: SINGLE (Groundball, 6MS, EV 68.1 MPH) (infield hit)
Batting: RHB Dan Muse 0-0: Called Strike
0-1: Ball
1-1: Ball
2-1: Ball
3-1: SINGLE (Groundball, 6D, EV 97.5 MPH)
Larry Shoop to second
Batting: RHB David Reyna 0-0: Called Strike
0-1: SINGLE (Flyball, 6D, EV 87.5 MPH)
Larry Shoop to third
Dan Muse to second
Batting: RHB Omar Novoa 0-0: Grounds into fielders choice 3-2 (Groundball, 34S, EV 69.4 MPH)
Dan Muse to third
David Reyna to second
Batting: SHB Masatoshi Akahoshi 0-0: Foul Ball, location: 2F
0-1: Foul Ball, location: 2F
0-2: Ball
1-2: Ground out 1-3 (Groundball, 13S, EV 73.1 MPH)
Top of the 7th over - 0 runs, 3 hits, 0 errors, 3 left on base; Columbia 1 - Pensacola 1
BOTTOM OF THE 7TH
Pensacola Blue Wahoos batting - Pitching for Columbia Fireflies : RHP Shan-tang Chi
Batting: RHB Steve Hansen 0-0: Ball
1-0: Fly out, F8 (Flyball, 8LD, EV 100.6 MPH)
Batting: RHB Pat Mage 0-0: Called Strike
0-1: Ball
1-1: Fly out, F8 (Flyball, 8RD, EV 102.5 MPH)
Batting: RHB Joe Kooyers 0-0: Ball
1-0: Ball
2-0: Swinging Strike
2-1: Foul Ball, location: 2F
2-2: Strikes out swinging
Bottom of the 7th over - 0 runs, 0 hits, 0 errors, 0 left on base; Columbia 1 - Pensacola 1
TOP OF THE 8TH
Columbia Fireflies batting - Pitching for Pensacola Blue Wahoos : RHP Tim Bant
Batting: SHB Justin Wallace 0-0: Ball
1-0: Ball
2-0: Ball
3-0: Base on Balls
Batting: LHB Tony Leyba 0-0: Called Strike
0-1: Ball
1-1: 2-RUN HOME RUN (Flyball, 9D, EV 95.0 MPH), Distance : 377 ft
Pitching: RHP Victor Uriegas
Batting: RHB Masaya Nakamura 0-0: Called Strike
0-1: Called Strike
0-2: SINGLE (Line Drive, 8RS, EV 110.6 MPH)
Batting: RHB Andy Carrell 0-0: Bunted foul
0-1: Ball
1-1: Sac Bunt to 15S - play at first, batter OUT! 1-4
Masaya Nakamura to second
Batting: RHB Larry Shoop 0-0: Ball
1-0: Swinging Strike
1-1: Ball
Passed Ball!
Masaya Nakamura to third
2-1: Foul Ball, location: 2F
2-2: Foul Ball, location: 2F
2-2: Ball
Wild Pitch!
Masaya Nakamura scores
3-2: Strikes out looking
Batting: RHB Dan Muse 0-0: Ball
1-0: Swinging Strike
1-1: Foul Ball, location: 2F
1-2: Foul Ball, location: 2F
1-2: Foul Ball, location: 2F
1-2: Strikes out swinging
Top of the 8th over - 3 runs, 2 hits, 0 errors, 0 left on base; Columbia 4 - Pensacola 1
BOTTOM OF THE 8TH
Pensacola Blue Wahoos batting - Pitching for Columbia Fireflies : RHP Shan-tang Chi
Batting: RHB Matt Silva 0-0: Ball
1-0: Foul Ball, location: 2F
1-1: Called Strike
1-2: Ball
2-2: Strikes out looking
Batting: RHB Sang-ton Pak 0-0: Ball
1-0: SINGLE (Groundball, 6S, EV 96.9 MPH)
Batting: LHB Phil Lomax 0-0: Fielders Choice at 2nd, 2-6 (Groundball, 13S, EV 65.0 MPH)
Pitching: RHP Jose Lara
Batting: RHB Jordan Torres 0-0: Foul Ball, location: 2F
0-1: Called Strike
0-2: Ball
1-2: Foul Ball, location: 2F
1-2: Strikes out swinging
Bottom of the 8th over - 0 runs, 1 hit, 0 errors, 1 left on base; Columbia 4 - Pensacola 1
TOP OF THE 9TH
Columbia Fireflies batting - Pitching for Pensacola Blue Wahoos : RHP Victor Uriegas
Pitching: RHP Rob Penton
Batting: RHB David Reyna 0-0: Called Strike
0-1: Swinging Strike
0-2: Strikes out swinging
Batting: RHB Omar Novoa 0-0: Swinging Strike
0-1: Ball
1-1: Ground out 6-3 (Groundball, 6, EV 107.5 MPH)
Batting: SHB Masatoshi Akahoshi 0-0: Foul Ball, location: 2F
0-1: Foul Ball, location: 2F
0-2: Ball
1-2: Ball
2-2: Foul Ball, location: 2F
2-2: Strikes out swinging
Top of the 9th over - 0 runs, 0 hits, 0 errors, 0 left on base; Columbia 4 - Pensacola 1
BOTTOM OF THE 9TH
Pensacola Blue Wahoos batting - Pitching for Columbia Fireflies : RHP Jose Lara
Batting: LHB Brian Snyder 0-0: Ball
1-0: Called Strike
1-1: Ground out 6-3 (Groundball, 4M, EV 79.4 MPH)
Batting: RHB Dave Ruiz 0-0: Foul Ball, location: 2F
0-1: Ground out 4-3 (Groundball, 4, EV 84.4 MPH)
Batting: RHB Steve Hansen 0-0: Ball
1-0: Ground out 4-3 (Groundball, 4, EV 93.8 MPH)
Bottom of the 9th over - 0 runs, 0 hits, 0 errors, 0 left on base; Columbia 4 - Pensacola 1
Tuesday, March 28th , 2023 - OOTP Baseball 23.10 Build 110